 Dungeon Crawl Stone Soup version 0.31-a0-459-gc8a9bf3d51 (webtiles) character file.

Game seed: 15334693597781403654

94 Ethylacetat the Insei (level 4, -3/24 HPs)
             Began as a Vine Stalker Monk on Aug 4, 2023.
             Was a Believer of Nemelex Xobeh.
             Slain by a gnoll
             ... wielding a +0 spear
              (6 damage)
             ... on level 3 of the Dungeon.
             The game lasted 00:01:46 (1863 turns).

Ethylacetat the Insei (Vine Stalker Monk)           Turns: 1863, Time: 00:01:47

Health: -3/24      AC:  5    Str: 13    XL:     4   Next: 63%
Magic:  0/6        EV: 11    Int: 10    God:    Nemelex Xobeh [**....]
Gold:   87         SH:  0    Dex: 19    Spells: 5/5 levels left

rFire   . .          .
                       - Unarmed
rCold   . . .        c - orb {light}
rNeg    . . .        d - +0 ring mail
rPois   .            (no helmet)
rElec   .            (no cloak)
rCorr   .            (no gloves)
SInv    .            (no boots)
Will    .....        (no amulet)
Stlth   +            (no ring)
HPRegen 1.04/turn    (no ring)
MPRegen 0.10/turn

%: guardian spirit
@: glowing
A: fangs 2, regeneration 1, magic shield, antimagic bite, no potion heal 2
a: Renounce Religion, Draw Escape, Draw Destruction, Draw Summoning


You were on level 3 of the Dungeon.
You worshipped Nemelex Xobeh.
Nemelex Xobeh was pleased with you.
You visited 1 branch of the dungeon, and saw 3 of its levels.

You collected 87 gold pieces.

Inventory:

Armour
 c - an orb of light (worn)
 d - a +0 ring mail (worn)
Wands
 j - a wand of flame (8)
Scrolls
 a - a scroll of enchant armour {unknown}
 e - 3 scrolls of teleportation {unknown}
 f - 5 scrolls of identify {unknown}
 h - a scroll of revelation {unknown}
 i - a scroll of blinking {unknown}
Potions
 b - a potion of ambrosia
 g - 2 potions of cancellation {unknown}
 k - a potion of resistance {unknown}


   Skills:
 + Level 3.5 Fighting
 - Level 2.9 Dodging
 + Level 3.8 Unarmed Combat
 + Level 1.0 Spellcasting


You had 5 spell levels left.
You didn't know any spells.
Your spell library contained the following spells:

 Spells                   Type           Power      Damage    Failure   Level
 Slow                     Hex            0%         N/A       58%         1
 Scorch                   Fire           0%         2d5       75%         2
 Confusing Touch          Hex            0%         N/A       92%         3
 Dazzling Flash           Conj/Hex       0%         N/A       92%         3
 Vampiric Draining        Necr           0%         2d6       92%         3
 Volatile Blastmotes      Fire/Tloc      0%         2d10      92%         3
 Flame Wave               Conj/Fire      0%         2d4       100%        4
 Starburst                Conj/Fire      0%         6d3       100%        6
 Summon Cactus Giant      Summ           0%         N/A       100%        6
 Maxwell's Capacitive Co  Air            0%         ∞         100%        8


Dungeon Overview and Level Annotations

Branches:
Dungeon (3/15)

Altars:
Nemelex Xobeh
Uskayaw

Annotations:
D:3 Natasha


Innate Abilities, Weirdness & Mutations

You have extremely sharp teeth.
Your natural rate of healing is unusually fast.
When hurt, damage is shared between your health and your magic reserves.
Your bite disrupts and absorbs the magic of your enemies.
Potions cannot restore your health.


Message History

The gnoll hits you from afar with a +0 spear.
The gnoll moves out of view.
The adder moves out of view.
There are monsters nearby!
The gnoll hits you with a +0 spear.
You hit the gnoll.
The gnoll is lightly wounded.
The gnoll closely misses you.
There are monsters nearby!
You hit the gnoll but do no damage.
The gnoll is lightly wounded.
You hit the gnoll but do no damage. You hit the gnoll.
Your bite misses the gnoll.
The gnoll is moderately wounded.
The gnoll misses you.
You hit the gnoll. You bite the gnoll, but do no damage.
The gnoll is heavily wounded.
The gnoll hits you from afar with a +0 spear.
The gnoll hits you with a +0 flail.
You hit the gnoll. You bite the gnoll, but do no damage.
The gnoll is severely wounded.
The gnoll barely misses you. The gnoll misses you.
The gnoll hits you with a +0 flail!
You are too injured to fight recklessly!
You are too injured to fight recklessly!
You draw a card...
You have drawn the Orb.
Press: ? - help, Shift-Dir - straight line, f - gnoll
Aim: a gnoll, wielding a +0 spear (lightly wounded, haloed)
The wavering orb of destruction weakly hits the gnoll!
The gnoll is almost dead.
Natasha, Servant of Life and Death comes into view.
The gnoll closely misses you.
The gnoll hits you from afar with a +0 spear.
The gnoll hits you with a +0 flail!
* * * LOW HITPOINT WARNING * * *
You draw a card...
You have drawn Velocity.
The gnoll seems to slow down.
Natasha seems to slow down.
The gnoll hits you from afar with a +0 spear.
You die...
Your body disappears without additional glow.

.....# #.#
.##### #.#
.# #.### .#
#...# .#
###.# .#
#.# .# #.#
### #.###
..# #..@#
#.#
###ggg....#
..#
....#.h..
_.# ######
.. ..# #.#
..# ###


You could see Natasha (slow) and 3 gnolls.

Vanquished Creatures
  Natasha (D:3)
  2 adders
  A worm (D:2)
  A dart slug (D:2)
  An orc (D:3)
  4 ball pythons
  7 endoplasms
  A giant cockroach (D:3)
  4 goblins
  3 hobgoblins
  3 kobolds
  6 quokkas
  4 bats
  2 frilled lizards (D:1)
  2 rats
42 creatures vanquished.

Notes
Turn   | Place    | Note
-------+----------+-------------------------------------------
     0 | D:1      | Ethylacetat the Vine Stalker Monk began the quest for the
                  | Orb.
     0 | D:1      | Reached XP level 1. HP: 11/11 MP: 2/2
   111 | D:1      | Reached XP level 2. HP: 16/16 MP: 3/3
   692 | D:2      | Reached XP level 3. HP: 20/20 MP: 4/4
  1432 | D:3      | Noticed Natasha
  1440 | D:3      | Killed Natasha
  1441 | D:3      | Gained mutation: Your natural rate of healing is unusually
                  | fast. [Vine Stalker growth]
  1441 | D:3      | Reached XP level 4. HP: 20/24 MP: 4/6
  1495 | D:3      | Found a hide-covered altar of Uskayaw.
  1555 | D:3      | Found a faded altar of an unknown god.
  1570 | D:3      | Prayed at the altar of an unknown god.
  1570 | D:3      | Became a worshipper of Nemelex Xobeh the Trickster
  1570 | D:3      | Reached * piety under Nemelex Xobeh
  1570 | D:3      | Received a gift from Nemelex Xobeh
  1570 | D:3      | Received a gift from Nemelex Xobeh
  1570 | D:3      | Reached ** piety under Nemelex Xobeh
  1570 | D:3      | Received a gift from Nemelex Xobeh
  1810 | D:3      | Reached skill level 1 in Spellcasting
  1862 | D:3      | Noticed Natasha
  1863 | D:3      | Slain by a gnoll

Illustrated notes

Levels and vault maps discovered:
D:1:      dpeg_arrival_tiny_d, layout_basic, grunt_decor_fettered
D:2:      layout_loops_ring, minmay_misc_feat_ornament
D:3:      layout_basic, nicolae_uskayaw_dance_hall,
          ebering_ecumenical_altar_box, kennysheep_generic_room_14, uniq_natasha

Skill      XL: |  1  2  3  4 |
---------------+-------------+-----
Fighting       | 3 |  3.5
Spellcasting   | 1 |  1.0
Dodging        | |  2.9
Unarmed Combat | |  3.8

Action                     |  1- 3 |  4- 6 || total
---------------------------+-------+-------++-------
  Melee: Unarmed           |    80 |    24 ||   104
         Bite              |    27 |    11 ||    38
 Invoke: Draw Escape       |       |     1 ||     1
         Draw Destruction  |       |     1 ||     1
 Armour: Ring mail         |    18 |     5 ||    23
         Robe              |     1 |       ||     1
  Dodge: Dodged            |    42 |    12 ||    54

Table legend: (Time is in decaauts)
 A = Elapsed time spent in this place.
 B = Non-inter-level travel time spent in this place.
 C = Inter-level travel time spent in this place.
 D = Time resting spent in this place.
 E = Time spent auto-exploring this place.
 F = Levels seen in this place.
 G = Mean time per level.
                   A        B        C        D        E       F      G
               +--------+--------+--------+--------+--------+-----+--------+
         Total |   1855 |   1814 |     41 |      0 |   1552 |   3 |  618.3 |
       Dungeon |   1855 |   1814 |     41 |      0 |   1552 |   3 |  618.3 |
               +--------+--------+--------+--------+--------+-----+--------+

Top non-repeatable levels by time:
     D:2: 837 daAuts
     D:1: 587 daAuts
     D:3: 430 daAuts
